 Dungeon Sprint DCSS version 0.31-a0-43-g46d131a48f (webtiles) character file.

Game seed: 18327767680515244999

2936 bmack86 the Severer (level 9, -5/90 HPs)
             Began as a Minotaur Fighter on May 19, 2023.
             Was a Priest of Okawaru.
             Slain by a white ugly thing (16 damage)
             ... in the Dungeon (Sprint IX: "|||||||||||||||||||||||||||||").
             The game lasted 00:02:35 (398 turns).

bmack86 the Severer (Minotaur Fighter)               Turns: 398, Time: 00:02:35

Health: -5/90      AC: 18    Str: 29    XL:     9   Next: 51%
Magic:  11/13      EV: 11    Int:  8    God:    Okawaru [***...]
Gold:   0          SH:  8    Dex:  9    Spells: 8/8 levels left

rFire   . . .        n - +3 war axe (heavy)
rCold   . . .        c - +0 buckler
rNeg    . . .        q - +1 chain mail
rPois   .            (helmet restricted)
rElec   .            o - +0 cloak
rCorr   .            (no gloves)
SInv    .            p - +0 pair of boots
Will    .....        (no amulet) Stlth
                     r - +3 ring of intelligence
HPRegen 0.35/turn    s - +3 ring of strength
MPRegen 0.13/turn

%: no teleportation
@: heroic
A: horns 2, retaliatory headbutt
a: Renounce Religion, Heroism


You were in the Dungeon.
You worshipped Okawaru.
Okawaru was most pleased with you.
You visited 1 branch

Inventory:

Hand Weapons
 a - a +0 war axe
 n - a +3 heavy war axe (weapon)
Armour
 b - a +0 scale mail
 c - a +0 buckler (worn)
 o - a +0 cloak (worn)
 p - a +0 pair of boots (worn)
 q - a +1 chain mail (worn)
Jewellery
 r - a +3 ring of intelligence (left hand)
 s - a +3 ring of strength (right hand)
Wands
 m - a wand of iceblast (10)
Scrolls
 j - 2 scrolls of blinking
 l - 2 scrolls of amnesia
Potions
 d - a potion of might
 e - 5 potions of curing
 f - 3 potions of heal wounds
 g - a potion of haste
 h - 4 potions of magic
 k - a potion of invisibility


   Skills:
 + Level 11.7(16.7) Fighting
 * Level 15.6(20.6) Axes
 + Level 11.6(16.6) Armour
 + Level 11.9(16.9) Shields
 + Level 7.8 Invocations


You had 8 spell levels left.
You didn't know any spells.
Your spell library was empty.

Dungeon Overview and Level Annotations

Branches:
Dungeon (1/1)

Altars:
Cheibriados
Dithmenos
Elyvilon
Fedhas
Gozag
Hepliaklqana
Kikubaaqudgha
Makhleb
Nemelex Xobeh
Okawaru
Qazlal
Ru
Sif Muna
Trog
Uskayaw
Vehumet
Wu Jian
Xom
Yredelemnul
Zin
The Shining One
Jiyva
Lugonu


Innate Abilities, Weirdness & Mutations

You have a pair of horns on your head.
You reflexively headbutt those who attack you in melee.


Message History

Your experience leads to an increase in your attributes!
Your base attributes are Str 24, Int 5, Dex 9.
Increase (S)trength, (I)ntelligence, or (D)exterity?
You feel stronger. x2
You barely miss the salamander.
You headbutt the salamander, but do no damage.
The salamander closely misses you. You furiously retaliate!
You headbutt the salamander!
You open the salamander like a pillowcase!!!
The salamander is severely wounded.
The salamander hits you but does no damage.
The salamander barely misses you.
You slice the salamander!!
You kill the salamander!
Okawaru is honoured by your kill.
Your base Fighting skill increases to level 11!
Your base Axes skill increases to level 15!
Your base Armour skill increases to level 11!
Your Invocations skill increases to level 7!
You slash the two-headed ogre!
The two-headed ogre is moderately wounded.
The two-headed ogre hits you with a +0 giant spiked club!
The two-headed ogre hits you but does no damage.
You hit the two-headed ogre.
The two-headed ogre is moderately wounded.
The two-headed ogre hits you with a +0 giant spiked club!
The two-headed ogre hits you with a +0 giant club!
* * * LOW HITPOINT WARNING * * *
You slice the two-headed ogre!! You headbutt the two-headed ogre.
The two-headed ogre is almost dead.
You dice the two-headed ogre like an onion!!!
You kill the two-headed ogre!
Okawaru is honoured by your kill.
Okawaru will now gift you throwing weapons as you gain piety.
You barely miss the white ugly thing. You headbutt the white ugly thing.
The white ugly thing is lightly wounded.
The white ugly thing trunk-slaps you!
* * * LOW HITPOINT WARNING * * *
The white ugly thing freezes you!
You die... ▓▓▓▓▓▓▓▓▓▓▓▓▓▓▓▓▓▓▓▓▓▓▓ +...Ou@)....))†......). ▓▓▓▓▓▓▓▓▓▓▓▓▓▓▓▓▓▓▓▓▓▓▓

You could see a white ugly thing and a two-headed ogre.

Vanquished Creatures
  A tengu warrior (D)
  A two-headed ogre (D)
  A salamander (shapeshifter) (D)
  A kobold demonologist (D)
  An efreet (D)
  A troll (D)
  2 yaks (D)
  A steam dragon (D)
  An orc warrior (D)
  An ice beast (D)
  2 hounds (D)
  A jelly (D)
  An orc (D)
  A bat (D)
  A hobgoblin (D)
  2 kobolds (D)
  A ball python (D)
20 creatures vanquished.

Notes
Turn   | Place    | Note
-------+----------+-------------------------------------------
     0 | D        | bmack86 the Minotaur Fighter began the quest for the Orb.
     0 | D        | Reached XP level 1. HP: 19/19 MP: 0/0
     9 | D        | Reached skill level 3 in Axes
    20 | D        | Noticed an ice beast
    20 | D        | Noticed a jelly
    20 | D        | Noticed a hound
    20 | D        | Noticed a hound
    25 | D        | Killed a hound
    26 | D        | Reached skill level 5 in Fighting
    26 | D        | Reached skill level 5 in Axes
    26 | D        | Reached skill level 5 in Armour
    26 | D        | Reached skill level 5 in Shields
    26 | D        | Reached XP level 2. HP: 29/29 MP: 1/1
    26 | D        | Reached XP level 3. HP: 36/36 MP: 2/2
    31 | D        | Reached skill level 6 in Axes
    33 | D        | Reached skill level 7 in Axes
    33 | D        | Reached XP level 4. HP: 27/44 MP: 3/3
    37 | D        | Killed an ice beast
    38 | D        | Reached skill level 8 in Axes
    38 | D        | Reached XP level 5. HP: 11/52 MP: 4/4
   182 | D        | Found a snail-covered altar of Cheibriados.
   182 | D        | Found a shadowy altar of Dithmenos.
   182 | D        | Found a white marble altar of Elyvilon.
   182 | D        | Found a blossoming altar of Fedhas.
   182 | D        | Found an opulent altar of Gozag.
   183 | D        | Found a hazy altar of Hepliaklqana.
   184 | D        | Found a viscous altar of Jiyva.
   185 | D        | Found an ancient bone altar of Kikubaaqudgha.
   186 | D        | Found a corrupted altar of Lugonu.
   187 | D        | Found a burning altar of Makhleb.
   188 | D        | Found a sparkling altar of Nemelex Xobeh.
   189 | D        | Found an iron altar of Okawaru.
   190 | D        | Found a stormy altar of Qazlal.
   191 | D        | Found a sacrificial altar of Ru.
   192 | D        | Found a shimmering blue altar of Sif Muna.
   193 | D        | Found a bloodstained altar of Trog.
   194 | D        | Found a hide-covered altar of Uskayaw.
   195 | D        | Found a radiant altar of Vehumet.
   196 | D        | Found an ornate altar of the Wu Jian Council.
   197 | D        | Found a shimmering altar of Xom.
   198 | D        | Found a basalt altar of Yredelemnul.
   199 | D        | Found a glowing silver altar of Zin.
   200 | D        | Found a glowing golden altar of the Shining One.
   205 | D        | Became a worshipper of Warmaster Okawaru
   259 | D        | Noticed an orc warrior
   259 | D        | Noticed a steam dragon
   259 | D        | Noticed a kobold demonologist
   259 | D        | Noticed a yak
   259 | D        | Noticed a yak
   259 | D        | Noticed a troll
   261 | D        | Killed a troll
   262 | D        | Reached skill level 10 in Axes
   262 | D        | Reached XP level 6. HP: 59/61 MP: 4/7
   262 | D        | Noticed a smoke demon
   267 | D        | Killed a yak
   268 | D        | Reached skill level 11 in Axes
   268 | D        | Reached XP level 7. HP: 56/69 MP: 4/8
   271 | D        | Killed a yak
   274 | D        | Killed a kobold demonologist
   274 | D        | Reached * piety under Okawaru
   275 | D        | Reached skill level 12 in Axes
   275 | D        | Reached skill level 5 in Invocations
   278 | D        | Killed a steam dragon
   279 | D        | Reached XP level 8. HP: 64/79 MP: 6/11
   280 | D        | Reached skill level 13 in Axes
   280 | D        | Reached skill level 10 in Shields
   381 | D        | Noticed a two-headed ogre
   381 | D        | Noticed a white ugly thing
   381 | D        | Noticed a two-headed ogre
   381 | D        | Noticed a salamander
   381 | D        | Noticed a tengu warrior
   381 | D        | Noticed an efreet
   385 | D        | Killed an efreet
   385 | D        | Reached ** piety under Okawaru
   386 | D        | Reached skill level 10 in Fighting
   386 | D        | Reached skill level 10 in Armour
   390 | D        | Killed a tengu warrior
   391 | D        | Reached skill level 14 in Axes
   391 | D        | Reached XP level 9. HP: 45/86 MP: 10/13
   393 | D        | Killed a salamander
   394 | D        | Reached skill level 15 in Axes
   397 | D        | Killed a two-headed ogre
   397 | D        | Reached *** piety under Okawaru
   398 | D        | Slain by a white ugly thing

Illustrated notes

Levels and vault maps discovered:
D:        linesprint [early_d, line_temple, items_1, d_10, items_2, lair_1,
          lair_end, items_3, orc_1, orc_end, items_4, d_15, swamp_1, shoals_1,
          snake_1, spider_1, d_20, vaults_1, items_5, swamp_end, shoals_end,
          snake_end, spider_end, vaults_end, d_27, items_6, zot_1, zot_end,
          crypt_end, forest_end, elf_end, slime_end, tomb_end, abyss_end,
          pan_hell_end]

Skill      XL: |  1  2  3  4  5  6  7  8  9 |
---------------+----------------------------+-----
Axes           | 5 7 8 10 11 12 14 15 | 15.6
Fighting       | 5 7 8 9 10 11 | 11.7
Armour         | 5 6 8 9 10 11 | 11.6
Shields        | 5 7 8 9 11 | 11.9
Invocations    | 3 5 6 7 |  7.8

Action                     |  1- 3 |  4- 6 |  7- 9 || total
---------------------------+-------+-------+-------++-------
  Melee: War axe           |    21 |    13 |    23 ||    57
         Headbutt          |       |     3 |     8 ||    11
 Invoke: Heroism           |       |       |     1 ||     1
    Use: Potion            |       |       |     1 ||     1
 Armour: Scale mail        |     9 |     1 |       ||    10
         Chain mail        |       |     4 |    10 ||    14
  Dodge: Dodged            |    15 |     4 |     8 ||    27
  Block: Buckler           |     3 |     2 |     6 ||    11

Table legend: (Time is in decaauts)
 A = Elapsed time spent in this place.
 B = Non-inter-level travel time spent in this place.
 C = Inter-level travel time spent in this place.
 D = Time resting spent in this place.
 E = Time spent auto-exploring this place.
 F = Levels seen in this place.
 G = Mean time per level.
                   A        B        C        D        E       F      G
               +--------+--------+--------+--------+--------+-----+--------+
         Total |    420 |    420 |      0 |    240 |      0 |   1 |  420.0 |
       Dungeon |    420 |    420 |      0 |    240 |      0 |   1 |  420.0 |
               +--------+--------+--------+--------+--------+-----+--------+

Top non-repeatable levels by time:
       D: 420 daAuts
